 Dungeon Crawl Stone Soup version 0.29-a0-234-g0dae59b3db (webtiles) character file.

Game seed: 7498489162125774662

2062 PaleWalker the Quickloader (level 9, -5/57 HPs)
             Began as a Kobold Hunter on Mar 4, 2022.
             Was an Initiate of Okawaru.
             Slain by a killer bee (6 damage)
             ... on level 9 of the Dungeon.
             The game lasted 00:24:10 (8170 turns).

PaleWalker the Quickloader (Kobold Hunter)          Turns: 8170, Time: 00:24:10

Health: -5/57      AC:  4    Str:  7 (9)  XL:     9   Next: 50%
Magic:  9/9        EV: 16    Int: 10 (13) God:    Okawaru [......]
Gold:   421        SH:  5    Dex: 16 (19) Spells: 7/8 levels left

rFire   . . .      SeeInvis .   a - +1 hand crossbow
rCold   . . .      Faith    .   (no shield)
rNeg    + . .      Spirit   .   b - +0 leather armour
rPois   .          Reflect  +   s - +0 helmet
rElec   .          Harm     .   (no cloak)
rCorr   .          Rampage  .   (no gloves)
Will    +....                   (no boots)
Stlth   +++++.....              e - amulet of reflection
HPRegen 0.19/turn               A - ring of willpower
MPRegen 0.11/turn               r - ring of positive energy

@: lethally poisoned (-5 -> -6), fire susceptible
A: small, no large weapons, nightstalker 3
a: Renounce Religion


You were on level 9 of the Dungeon.
You worshipped Okawaru.
Okawaru was noncommittal.
You visited 2 branches of the dungeon, and saw 12 of its levels.

You collected 421 gold pieces.

Inventory:

Hand Weapons
 a - a +1 hand crossbow (weapon)
 y - a +5 trident
Missiles
 t - a throwing net
Armour
 b - a +0 leather armour (worn)
 s - a +0 helmet (worn)
 u - a +4 chain mail of cold resistance
Magical Staves
 h - a staff of cold
Jewellery
 e - an amulet of reflection (around neck)
 f - a ring of willpower
 g - a ring of magical power
 r - a ring of positive energy (right hand)
 w - a ring of positive energy
 A - a ring of willpower (left hand)
Wands
 q - a wand of charming (11)
Scrolls
 c - a scroll of blinking
 d - 3 scrolls of teleportation {unknown}
 i - 2 scrolls of magic mapping {unknown}
 j - a scroll of noise {unknown}
 k - 2 scrolls of fog {unknown}
 l - a scroll of vulnerability {unknown}
 n - a scroll of summoning {unknown}
 p - a scroll of silence {unknown}
 B - a scroll of identify {unknown}
Potions
 m - 2 potions of brilliance


   Skills:
 * Level 7.0 Fighting
 - Level 10.0 Crossbows
 - Level 5.9 Dodging
 + Level 9.0 Stealth
 - Level 0.3 Spellcasting
 - Level 0.6 Ice Magic


You had 7 spell levels left.
You knew the following spells:

 Your Spells              Type           Power      Damage    Failure   Level
a - Freeze                Ice            4%         1d3       38%         1

Your spell library contained the following spells:

 Spells                   Type           Power      Damage    Failure   Level
 Sandblast                Erth           0%         2d4       50%         1
 Passwall                 Tmut/Erth      0%         N/A       65%         2
 Frozen Ramparts          Ice            2%         1d2       77%         3
 Stone Arrow              Conj/Erth      0%         3d7       86%         3
 Hailstorm                Conj/Ice       0%         3d3       99%         4
 Summon Small Mammal      Summ           Unusable   N/A       N/A         1
 Call Canine Familiar     Summ           Unusable   N/A       N/A         3
 Summon Guardian Golem    Hex/Summ       Unusable   N/A       N/A         3

Dungeon Overview and Level Annotations

Branches:
Dungeon (11/15)            Temple (1/1) D:4            Lair (0/6) D:8
    Orc: D:9-12

Altars:
Ashenzari
Cheibriados
Dithmenos
Elyvilon
Fedhas
Gozag
Hepliaklqana
Kikubaaqudgha
Makhleb
Nemelex Xobeh
Okawaru
Qazlal
Ru
Sif Muna
Trog
Uskayaw
Vehumet
Wu Jian
Xom
Yredelemnul
Zin
Ignis

Annotations:
D:9 exclusions: hornet and 2 kobolds
D:11 exclusion: door


Innate Abilities, Weirdness & Mutations

You are small and have problems with some larger weapons.
You are completely attuned to the shadows.


Message History

You feel sick. The killer bee barely misses you.
The killer bee stings you but does no damage. x3
Shoot: a) +1 hand crossbow
Press: ? - help, Q - select action, (/) - cycle Shift-Dir - straight line, f/p - killer bee
Aim: a killer bee (almost dead, 48% to hit)
You shoot a bolt. The bolt closely misses the killer bee.
* * * LOW HITPOINT WARNING * * *
You feel sick. The killer bee misses you. You block the killer bee's attack.
The killer bee barely misses you. x2
Shoot: a) +1 hand crossbow
Press: ? - help, Q - select action, (/) - cycle Shift-Dir - straight line, f/p - killer bee
Aim: a killer bee (almost dead, 48% to hit)
You shoot a bolt. The bolt hits the killer bee.
You kill the killer bee!
Okawaru accepts your kill.
* * * LOW HITPOINT WARNING * * *
You feel sick. The killer bee barely misses you. x2
Your Fighting skill increases to level 7!
Shoot: a) +1 hand crossbow
Press: ? - help, Q - select action, (/) - cycle Shift-Dir - straight line, f - killer bee
Aim: a killer bee (lightly wounded, 48% to hit)
You shoot a bolt. The bolt misses the killer bee.
* * * LOW HITPOINT WARNING * * *
You feel sick. The killer bee misses you. The killer bee closely misses you.
The killer bee barely misses you.
Shoot: a) +1 hand crossbow
Press: ? - help, Q - select action, (/) - cycle Shift-Dir - straight line, f/p - killer bee
Aim: a killer bee (lightly wounded, 48% to hit)
You shoot a bolt.
The bolt completely misses the killer bee.
* * * LOW HITPOINT WARNING * * *
You feel sick. The killer bee closely misses you. x2
Shoot: a) +1 hand crossbow
Press: ? - help, Q - select action, (/) - cycle Shift-Dir - straight line, f/p - killer bee
Aim: a killer bee (lightly wounded, 48% to hit)
You shoot a bolt. The bolt hits the killer bee.
The killer bee is heavily wounded.
* * * LOW HITPOINT WARNING * * *
You feel sick. The killer bee stings you.
You die...

#[.....
#....#############
#...... #.##.#
#.###..# #....#
#.# #..# #....+
#.# #..#...#....#
###
#.###..#...#####.
#..
#......#.......+
#..
#......#.......#
#..
#......'...y@..#
#..
#......#########
#.. #..###.....
### #..... #....[
...... .......
........


You could see a killer bee.

Vanquished Creatures
  Sigmund (D:4)
  A fire elemental (D:8)
  A black bear (D:5)
  An ice beast (D:6)
  3 ogres
  A centaur (D:7)
  A phantom (D:5)
  2 kobold brigands
  3 scorpions
  A bullfrog (D:7)
  2 killer bees (D:9)
  A howler monkey (D:6)
  3 hounds
  3 orc priests
  2 gnoll shamans
  3 iguanas
  Natasha (thrice) (D:4)
  4 orc wizards
  Robin (D:4)
  14 gnolls
  3 adders
  A shadow imp (D:7)
  A worm (D:2)
  3 dart slugs
  22 orcs
  7 ball pythons
  8 endoplasms
  6 giant cockroaches
  7 hobgoblins
  4 jackals
  4 quokkas
  3 bats
  6 frilled lizards
  14 goblins
  13 kobolds
  4 rats
157 creatures vanquished.

Vanquished Creatures (others)
  47 foxfires
  12 plants (D:8)
59 creatures vanquished.

Grand Total: 216 creatures vanquished

Notes
Turn   | Place    | Note
-------+----------+-------------------------------------------
     0 | D:1      | PaleWalker the Kobold Hunter began the quest for the Orb.
     0 | D:1      | Reached XP level 1. HP: 12/12 MP: 1/1
    90 | D:1      | Reached XP level 2. HP: 17/17 MP: 2/2
   244 | D:1      | Found a faded altar of an unknown god.
   249 | D:1      | Prayed at the altar of an unknown god.
   249 | D:1      | Became a worshipper of Ignis, the Dying Flame
   382 | D:1      | Reached XP level 3. HP: 21/21 MP: 3/3
   660 | D:1      | Reached skill level 6 in Crossbows
   667 | D:1      | Learned a level 1 spell: Freeze
  1520 | D:2      | Reached XP level 4. HP: 25/26 MP: 4/4
  2519 | D:4      | Noticed a kobold brigand
  2524 | D:4      | Killed a kobold brigand
  2525 | D:4      | Reached skill level 7 in Crossbows
  2525 | D:4      | Reached XP level 5. HP: 25/30 MP: 5/5
  2653 | D:4      | Noticed Robin
  2660 | D:4      | Noticed an ogre
  2892 | D:3      | Reached XP level 6. HP: 28/35 MP: 6/6
  3013 | D:4      | Killed Robin
  3066 | D:4      | Noticed Sigmund
  3070 | D:4      | Killed Sigmund
  3071 | D:4      | Reached skill level 8 in Crossbows
  3071 | D:4      | Reached skill level 5 in Stealth
  3071 | D:4      | Reached XP level 7. HP: 40/40 MP: 7/7
  3079 | D:4      | Noticed Natasha
  3087 | D:4      | Killed Natasha
  3351 | D:4      | Noticed Natasha
  3352 | D:4      | Reached skill level 5 in Dodging
  3358 | D:4      | Killed Natasha
  3379 | D:4      | Reached skill level 9 in Crossbows
  3834 | D:4      | Noticed Natasha
  3840 | D:4      | Killed Natasha
  3841 | D:4      | Reached XP level 8. HP: 34/44 MP: 8/8
  3971 | D:4      | Found a staircase to the Ecumenical Temple.
  4052 | D:5      | Entered Level 5 of the Dungeon
  4733 | D:5      | Reached skill level 10 in Crossbows
  5661 | D:6      | Reached XP level 9. HP: 46/52 MP: 9/9
  5717 | D:6      | Reached skill level 5 in Fighting
  5908 | D:6      | Identified the +4 mace "Tattletale" {flame, *Rage rPois
                  | rCorr Int-4}
  6096 | Temple   | Entered the Ecumenical Temple
  6119 | Temple   | Fell from the grace of Ignis
  6119 | Temple   | Became a worshipper of Warmaster Okawaru
  6839 | D:6      | You fall into a shaft and drop 1 floor!
  6878 | D:6      | You fall into a shaft and drop 2 floors!
  7300 | D:8      | Found a staircase to the Lair.
  7310 | D:8      | Noticed a komodo dragon
  7425 | D:8      | You fall into a shaft and drop 2 floors!
  7425 | D:10     | Entered Level 10 of the Dungeon
  7501 | D:10     | You fall into a shaft and drop 1 floor!
  7680 | D:11     | Noticed a two-headed ogre
  7851 | D:9      | Noticed a hornet
  8169 | D:9      | HP: 2/57 [poisoned by a killer bee]
  8170 | D:9      | Slain by a killer bee

Illustrated notes

Levels and vault maps discovered:
D:1:      nicolae_arrival_somewhat_less_tricky_arrival, layout_basic,
          shapermc_ecumenical_altar_totnotflames
D:2:      layout_rooms
D:3:      layout_basic, hex_intersection, glass_columns_a
D:4:      cheibrodos_quashed, layout_cave_pools, minmay_temple_entry_grid,
          chequers_serial_rivers_micro_c, nrook_mini_vaults, minmay_checkerbox,
          uniq_robin, uniq_sigmund, uniq_natasha
D:5:      layout_cave_pools, minmay_misc_feat_rugged
D:6:      layout_rooms
D:7:      layout_loops_ring, serial_aquarium, aquarium_bridge_island_small
          [aquarium_subvault_small_open, aquarium_subvault_window,
          aquarium_subvault_window, aquarium_subvault_bridge,
          aquarium_subvault_bridge], aquarium_window_fake, aquarium_window_3,
          aquarium_window_1, aquarium_window_fake, aquarium_view_2g,
          aquarium_view_2b, aquarium_pool_double,
          minmay_fractal_squares_diagonal_5
D:8:      lemuel_slime, layout_basic, nicolae_tso_swordbearing_angel,
          david_lair_shrubbed, uniq_erica
D:9:      layout_stronghold, enter_bailey_3, uniq_psyche
D:10:     layout_gridville, david_orc_2, bh_walls_and_bars
D:11:     layout_stronghold, led_sif_book
Temple:   roderic_octagonal_lattice_temple

Skill      XL: |  1  2  3  4  5  6  7  8  9 |
---------------+----------------------------+-----
Stealth        | 2 3 4 5 7 9 |  9.0
Crossbows      | 6 7 8 9 10 | 10.0
Dodging        | 3 4 5 |  5.9
Fighting       | 4 7 |  7.0
Spellcasting   | |  0.3
Ice Magic      | |  0.6

Action                   |  1- 3 |  4- 6 |  7- 9 || total
-------------------------+-------+-------+-------++-------
Melee: Staff             |    19 |       |       ||    19
 Fire: Hand crossbow     |    60 |    91 |   364 ||   515
 Cast: Freeze            |    15 |       |       ||    15
Invok: Fiery Armour      |       |     4 |     5 ||     9
       Foxfire Swarm     |       |     2 |     1 ||     3
  Use: Potion            |       |       |    15 ||    15
       Scroll            |       |       |     4 ||     4
 Stab: Distracted        |     1 |       |       ||     1
       Sleeping          |     1 |       |       ||     1
Armor: Leather armour    |    10 |    17 |    55 ||    82
       Skin              |       |       |     9 ||     9
Dodge: Dodged            |    49 |    53 |   252 ||   354
Block: Other             |    21 |    16 |    85 ||   122
       Reflection        |       |     2 |       ||     2

Table legend: (Time is in decaauts)
 A = Elapsed time spent in this place.
 B = Non-inter-level travel time spent in this place.
 C = Inter-level travel time spent in this place.
 D = Time resting spent in this place.
 E = Time spent auto-exploring this place.
 F = Levels seen in this place.
 G = Mean time per level.
                   A        B        C        D        E       F      G
               +--------+--------+--------+--------+--------+-----+--------+
         Total |   8263 |   7903 |    360 |   1225 |   5100 |  12 |  688.6 |
       Dungeon |   7909 |   7561 |    348 |   1225 |   4785 |  11 |  719.0 |
        Temple |    353 |    341 |     12 |      0 |    315 |   1 |  353.0 |
               +--------+--------+--------+--------+--------+-----+--------+

Top non-repeatable levels by time:
     D:4: 1810 daAuts
     D:3: 1051 daAuts
     D:5: 1016 daAuts
     D:1: 977 daAuts
     D:6: 846 daAuts
     D:2: 829 daAuts
     D:8: 556 daAuts
  Temple: 353 daAuts
     D:9: 340 daAuts
    D:11: 295 daAuts
    D:10: 110 daAuts
     D:7: 75 daAuts
